 Dungeon Crawl Stone Soup version 0.27-a0-1119-gbf574a6 (webtiles) character file.

Game seed: 16185563593989140442

63 Meow the Stinger (level 4, 36/36 HPs)
             Began as a Naga Venom Mage on May 2, 2021.
             Quit the game on level 2 of the Dungeon.
             The game lasted 00:05:03 (1017 turns).

Meow the Stinger (Naga Venom Mage)                  Turns: 1017, Time: 00:05:03

Health: 36/36      AC:  2    Str: 10    XL:     4   Next: 9%
Magic:  4/8        EV: 10    Int: 16    God:
Gold:   15         SH:  0    Dex: 12    Spells: 4/8 levels left

rFire    . . .     SeeInvis +   a - +2 mace (protect)
rCold    . . .     Faith    .   (no shield)
rNeg     . . .     Spirit   .   c - +0 robe
rPois    +         Reflect  .   (no helmet)
rElec    .         Harm     .   (no cloak)
rCorr    .         Rampage  .   (no gloves)
Will     .....                  (no barding)
Stlth    +++.......             (no amulet)
HPRegen  0.12/turn              (no ring)
MPRegen  0.11/turn              (no ring)

@: short of breath, very slow
A: AC +1, large, see invisible, deformed body, poison resistance, slowness 2,
spit poison 1, naga tail 1
a: Spit Poison


You were on level 2 of the Dungeon.
You visited 1 branch of the dungeon, and saw 2 of its levels.

You collected 15 gold pieces.

Inventory:

Hand Weapons
 a - a +2 mace of protection (weapon)
 j - a +0 mace
Missiles
 b - 88 stones (quivered)
 e - 22 bolts
 h - 18 arrows
Armour
 c - a +0 robe (worn)
Scrolls
 d - a scroll of acquirement {unknown}
 f - a scroll of enchant armour {unknown}
 g - a scroll of vulnerability {unknown}
Potions
 i - a potion of invisibility {unknown}


   Skills:
 - Level 1.5 Dodging
 + Level 4.5 Stealth
 + Level 2.7 Spellcasting
 - Level 1.0 Transmutations
 + Level 4.9 Poison Magic


You had 4 spell levels left.
You knew the following spells:

 Your Spells              Type           Power      Damage    Failure   Level
a - Sting                 Tmut/Pois      44%        1d5       5%          1
c - Mephitic Cloud        Conj/Pois/Air  7%         N/A       28%         3

Your spell library contained the following spells:

 Spells                   Type           Power      Damage    Failure   Level
 Poisonous Vapours        Pois/Air       20%        N/A       11%         2
 Olgreb's Toxic Radiance  Pois           18%        N/A       24%         4
 Ignite Poison            Fire/Tmut/Pois 8%         N/A       26%         3


Dungeon Overview and Level Annotations

Branches:
Dungeon (2/15)

Altars:

Shops:
D:1 *


Innate Abilities, Weirdness & Mutations

Your serpentine skin is tough. (AC +1)
You have supernaturally acute eyesight. (SInv)
Armour fits poorly on your strangely shaped body.
Your system is resistant to poisons. (rPois)
You cover ground very slowly.
You can spit poison.
You have a snake-like lower body.


Message History

Your +2 mace of protection hums with potential!
j - a +2 mace of protection (weapon)
Adjust (i)tems, (s)pells, or (a)bilities?
j - a +2 mace of protection (weapon)
Adjust to which letter? (? for menu, Esc to quit)
a - a +2 mace of protection (weapon);
j - a +0 mace An adder is nearby!
Press: ? - help, Shift-Dir - straight line, f - you
Okay, then.
Press: ? - help, Shift-Dir - straight line, f - adder
Aim: an adder (wandering, hasn't noticed you)
The splash of poison hits the adder.
The adder is poisoned.
The adder is lightly wounded.
The adder hisses angrily.
Casting: Sting (safe; 6% risk of failure)
Confirm with . or Enter, or press ? or * to list all spells.
Aiming: Sting (safe; 6% risk of failure)
Press: ? - help, Shift-Dir - straight line, f/p - adder
Aim: an adder (moderately wounded, poisoned, 53% to hit)
The sting hits the adder.
The adder looks even sicker.
The adder is moderately wounded.
Casting: Sting (safe; 6% risk of failure)
Confirm with . or Enter, or press ? or * to list all spells.
Aiming: Sting (safe; 6% risk of failure)
Press: ? - help, Shift-Dir - straight line, f/p - adder
Aim: an adder (moderately wounded, very poisoned, 53% to hit)
The sting hits the adder.
The adder looks even sicker.
The adder is heavily wounded.
The adder bites you but does no damage.
Casting: Sting (safe; 6% risk of failure)
Confirm with . or Enter, or press ? or * to list all spells.
Aiming: Sting (safe; 6% risk of failure)
Press: ? - help, Shift-Dir - straight line, f/p - adder
Aim: an adder (severely wounded, very poisoned, 53% to hit)
The sting hits the adder.
The adder looks as sick as possible!
The adder is severely wounded.
You kill the adder!
You have reached level 4!
You feel agile.
Are you sure you want to abandon this character and quit the game? (Confirm with "yes".)

## ##.......#...#
...##.......#....#
S........<..###
######.......###
#.......<†...# ....#
.##.##......# ....##.
##..........# .......
#......†....##.......
........##@...........#
>#.....###.....##....##.
..............##........
....................##
..........#...###........
...####....... #..#..##$
.. #...........## ..#
.............. ...
.##..........# #.


There were no monsters in sight!

Vanquished Creatures
  An adder (D:2)
  A dart slug (D:2)
  2 ball pythons (D:1)
  5 endoplasms (D:1)
  2 giant cockroaches (D:1)
  6 goblins (D:1)
  3 hobgoblins (D:1)
  10 jackals
  3 kobolds (D:1)
  2 quokkas (D:1)
  6 bats (D:1)
  2 frilled lizards (D:1)
  A rat (D:1)
44 creatures vanquished.

Vanquished Creatures (others)
  4 plants (D:1)
4 creatures vanquished.

Grand Total: 48 creatures vanquished

Notes
Turn   | Place    | Note
-------+----------+-------------------------------------------
     0 | D:1      | Meow the Naga Venom Mage began the quest for the Orb.
     0 | D:1      | Reached XP level 1. HP: 15/15 MP: 3/3
    85 | D:1      | Reached XP level 2. HP: 22/22 MP: 3/5
   304 | D:1      | Found Withrev's Assorted Antiques.
   438 | D:1      | Reached XP level 3. HP: 26/28 MP: 3/6
   442 | D:1      | Learned a level 3 spell: Mephitic Cloud
  1017 | D:2      | Reached XP level 4. HP: 36/36 MP: 4/8
  1017 | D:2      | Quit the game

Illustrated notes

Levels and vault maps discovered:
D:1:      dpeg_arrival_morbid_curiosity, layout_rooms, serial_shops, shop,
          serial_bayou, serial_bayou_shore_b, serial_bayou_lagoon_a,
          serial_bayou_pond_c, serial_bayou_crossing
D:2:      layout_rooms, basic_altar, shapermc_ecumenical_altar_mp_vishouse,
          minmay_tromino_v4_c

Skill      XL: |  1  2  3 |
---------------+----------+-----
Stealth        | 4 |  4.5
Dodging        | |  1.5
Spellcasting   | |  2.7
Transmutations | |  1.0
Poison Magic   | |  4.9

Action                   |  1- 3 |  4- 6 || total
-------------------------+-------+-------++-------
Melee: Mace              |    13 |       ||    13
Throw: Stone             |     5 |       ||     5
 Cast: Sting             |    45 |       ||    45
 Abil: Spit Poison       |    39 |       ||    39
Armor: Robe              |    11 |       ||    11
Dodge: Dodged            |    21 |       ||    21

Table legend: (Time is in decaauts)
 A = Elapsed time spent in this place.
 B = Non-inter-level travel time spent in this place.
 C = Inter-level travel time spent in this place.
 D = Time resting spent in this place.
 E = Time spent auto-exploring this place.
 F = Levels seen in this place.
 G = Mean time per level.
                   A        B        C        D        E       F      G
               +--------+--------+--------+--------+--------+-----+--------+
         Total |   1379 |   1285 |     94 |     73 |    857 |   2 |  689.5 |
       Dungeon |   1379 |   1285 |     94 |     73 |    857 |   2 |  689.5 |
               +--------+--------+--------+--------+--------+-----+--------+

Top non-repeatable levels by time:
     D:1: 1278 daAuts
     D:2: 100 daAuts
